 Dungeon Crawl Stone Soup version 0.21.1-1-g345015f (webtiles) character file.

46 tidbits the Charmwright (level 3, -1/33 HPs)
             Began as a Gnoll Skald on June 20, 2018.
             Slain by an orc wizard
             ... wielding a +0 dagger
              (5 damage)
             ... on level 2 of the Dungeon.
             The game lasted 00:01:31 (166 turns).

tidbits the Charmwright (Gnoll Skald)                Turns: 166, Time: 00:01:32

Health: -1/33      AC:  3    Str: 13    XL:     3   Next: 68%
Magic:  0/10       EV: 14    Int: 16    God:
Gold:   34         SH:  0    Dex: 14    Spells: 8/13 levels left

rFire    . . .     SeeInvis .   a - +0 hand axe
rCold    . . .     Gourm    .   (no shield)
rNeg     . . .     Faith    .   b - +0 leather armour
rPois    .         Spirit   .   (no helmet)
rElec    .         Reflect  .   (no cloak)
rCorr    .         Harm     .   (no gloves)
MR       .....                  (no boots)
Stlth    ++........             (no amulet)
HPRegen  0.11/turn              (no ring)
MPRegen  0.12/turn              (no ring)

@: no status effects
A: distributed training, fangs 1, strong nose
a: no special abilities


You were on level 2 of the Dungeon.
You were not hungry.

You visited 1 branch of the dungeon, and saw 2 of its levels.

You collected 34 gold pieces.

Inventory:

Hand Weapons
 a - a +0 hand axe (weapon)
Missiles
 e - 15 arrows
Armour
 b - a +0 leather armour (worn)
Scrolls
 f - 2 scrolls of identify {unknown}
Books
 c - a book of Battle

   Spells                             Type                      Level
   a - Infusion                       Charms                       1
   b - Shroud of Golubria             Charms/Translocation         2
   c - Song of Slaying                Charms                       2
   d - Spectral Weapon                Hexes/Charms                 3
   e - Regeneration                   Charms/Necromancy            3
Comestibles
 d - 2 rations


   Skills:
 + Level 5.5 Fighting
 + Level 3.1 Short Blades
 + Level 3.1 Long Blades
 + Level 5.5 Axes
 + Level 3.1 Maces & Flails
 + Level 3.1 Polearms
 + Level 3.1 Staves
 + Level 3.1 Slings
 + Level 3.1 Bows
 + Level 3.1 Crossbows
 + Level 3.1 Throwing
 + Level 4.0 Armour
 + Level 5.5 Dodging
 + Level 3.1 Stealth
 + Level 3.1 Shields
 + Level 3.1 Unarmed Combat
 + Level 5.9 Spellcasting
 + Level 2.5 Conjurations
 + Level 2.5 Hexes
 + Level 6.0 Charms
 + Level 2.5 Summonings
 + Level 2.5 Necromancy
 + Level 2.5 Translocations
 + Level 2.5 Transmutations
 + Level 2.5 Fire Magic
 + Level 2.5 Ice Magic
 + Level 2.5 Air Magic
 + Level 2.5 Earth Magic
 + Level 2.5 Poison Magic
 + Level 3.4 Invocations
 + Level 3.1 Evocations


You had 8 spell levels left.
You knew the following spells:

 Your Spells              Type           Power        Failure   Level  Hunger
g - Shroud of Golubria    Chrm/Tloc      ###.......   4%          2    #......
i - Infusion              Chrm           ###.         1%          1    None
y - Song of Slaying       Chrm           ###.....     1%          2    #......


Dungeon Overview and Level Annotations

Branches:
Dungeon (2/15)

Altars:


Innate Abilities, Weirdness & Mutations

Your experience applies equally to all skills.
You have very sharp teeth.
Your uncanny sense of smell can sniff out nearby items.


Message History

Unknown command.
You closely miss the orc. The orc closely misses you.
You hit the orc.
The orc is heavily wounded.
The orc barely misses you.
You hit the orc.
You kill the orc!
The orc wizard points at you and mumbles some strange words.
The puff of flame misses you.
Casting: Infusion
Confirm with . or Enter, or press ? or * to list all spells.
You start singing a song of slaying.
You hear a shout!
You hit the orc wizard.
The orc wizard is lightly wounded.
The orc wizard closely misses you.
You hit the orc wizard. Your bite misses the orc wizard.
The orc wizard is lightly wounded.
The orc wizard hits you with a dagger.
You hit the orc wizard.
The orc wizard is moderately wounded.
The orc wizard gestures at you while chanting.
The puff of flame hits you!
Unknown command.
You hit the orc wizard.
The orc wizard is heavily wounded.
You hit the orc. The orc wizard barely misses you.
The orc hits you with a flail!
* * * LOW HITPOINT WARNING * * *
The orc wizard casts a spell at you.
You are confused.
Unknown command.
It was a potion of experience.
You feel more experienced!
Your Fighting skill increases to level 5!
Your Short Blades skill gained 3 levels and is now at level 3!
Your Long Blades skill gained 3 levels and is now at level 3!
Your Axes skill increases to level 5!
Your Maces & Flails skill gained 3 levels and is now at level 3!
Your Polearms skill gained 3 levels and is now at level 3!
Your Staves skill gained 3 levels and is now at level 3!
Your Slings skill gained 3 levels and is now at level 3!
Your Bows skill gained 3 levels and is now at level 3!
Your Crossbows skill gained 3 levels and is now at level 3!
Your Throwing skill gained 3 levels and is now at level 3!
Your Armour skill gained 2 levels and is now at level 4!
Your Dodging skill increases to level 5!
Your Stealth skill gained 3 levels and is now at level 3!
Your Shields skill gained 3 levels and is now at level 3!
Your Unarmed Combat skill gained 3 levels and is now at level 3!
Your Spellcasting skill increases to level 5!
Your Conjurations skill gained 2 levels and is now at level 2!
Your Hexes skill gained 2 levels and is now at level 2!
Your Charms skill increases to level 6!
Your Summonings skill gained 2 levels and is now at level 2!
Your Necromancy skill gained 2 levels and is now at level 2!
Your Translocations skill gained 2 levels and is now at level 2!
Your Transmutations skill gained 2 levels and is now at level 2!
Your Fire Magic skill gained 2 levels and is now at level 2!
Your Ice Magic skill gained 2 levels and is now at level 2!
Your Air Magic skill gained 2 levels and is now at level 2!
Your Earth Magic skill gained 2 levels and is now at level 2!
Your Poison Magic skill gained 2 levels and is now at level 2!
Your Invocations skill gained 3 levels and is now at level 3!
Your Evocations skill gained 3 levels and is now at level 3!
You have reached level 3!
Your experience leads to an increase in your attributes!
Increase (S)trength, (I)ntelligence, or (D)exterity?
You feel clever. The orc closely misses you.
The orc wizard points at you and mumbles some strange words.
You are more confused.
It was a potion of cancellation.
Your magical effects are unravelling.
You feel magically purged.
You feel less confused.
You are no longer magically infusing your attacks.
Your song has ended.
The orc barely misses you.
The orc wizard gestures at you while chanting.
You resist with significant effort.
You aren't carrying any potions.
You closely miss the orc wizard.
The orc wizard is heavily wounded.
You hit the orc.
You kill the orc!
The orc wizard hits you but does no damage.
A kobold comes into view. It is wielding a dagger.
Casting: Song of Slaying
Confirm with . or Enter, or press ? or * to list all spells.
You don't have enough magic to cast that spell.
Unknown command.
You hit the orc wizard but do no damage.
The orc wizard is heavily wounded.
The orc wizard hits you with a dagger.
* * * LOW HITPOINT WARNING * * *
You closely miss the orc wizard.
The orc wizard is heavily wounded.
The orc wizard hits you with a dagger.
You die...

∆# #. # #.## ...∆ #...
.....######..###
o....oo..K#....#
.....####o#..#.### .o..
#@##.#...#
.....####).....#.#
.........##.#.#.########.
.........##.#.#.#......#.
l........##...#..........
......#####.#####......##
###... #.#............
#.. ###............ ###
#............


You could see an orc wizard and a kobold.

Vanquished Creatures
  An adder (D:2)
  A dart slug (D:1)
  2 orcs (D:2)
  2 goblins
  A frilled lizard (D:2)
7 creatures vanquished.

Notes
Turn   | Place    | Note
-------+----------+-------------------------------------------
     0 | D:1      | tidbits the Gnoll Skald began the quest for the Orb.
     0 | D:1      | Reached XP level 1. HP: 20/20 MP: 6/6
    77 | D:2      | Reached XP level 2. HP: 24/26 MP: 2/7
    81 | D:2      | Learned a level 2 spell: Song of Slaying
    84 | D:2      | Learned a level 2 spell: Shroud of Golubria
   162 | D:2      | Reached skill level 5 in Fighting
   162 | D:2      | Reached skill level 3 in Short Blades
   162 | D:2      | Reached skill level 3 in Long Blades
   162 | D:2      | Reached skill level 5 in Axes
   162 | D:2      | Reached skill level 3 in Maces & Flails
   162 | D:2      | Reached skill level 3 in Polearms
   162 | D:2      | Reached skill level 3 in Staves
   162 | D:2      | Reached skill level 3 in Slings
   162 | D:2      | Reached skill level 3 in Bows
   162 | D:2      | Reached skill level 3 in Crossbows
   162 | D:2      | Reached skill level 3 in Throwing
   162 | D:2      | Reached skill level 4 in Armour
   162 | D:2      | Reached skill level 5 in Dodging
   162 | D:2      | Reached skill level 3 in Stealth
   162 | D:2      | Reached skill level 3 in Shields
   162 | D:2      | Reached skill level 3 in Unarmed Combat
   162 | D:2      | Reached skill level 5 in Spellcasting
   162 | D:2      | Reached skill level 2 in Conjurations
   162 | D:2      | Reached skill level 2 in Hexes
   162 | D:2      | Reached skill level 6 in Charms
   162 | D:2      | Reached skill level 2 in Summonings
   162 | D:2      | Reached skill level 2 in Necromancy
   162 | D:2      | Reached skill level 2 in Translocations
   162 | D:2      | Reached skill level 2 in Transmutations
   162 | D:2      | Reached skill level 2 in Fire Magic
   162 | D:2      | Reached skill level 2 in Ice Magic
   162 | D:2      | Reached skill level 2 in Air Magic
   162 | D:2      | Reached skill level 2 in Earth Magic
   162 | D:2      | Reached skill level 2 in Poison Magic
   162 | D:2      | Reached skill level 3 in Invocations
   162 | D:2      | Reached skill level 3 in Evocations
   162 | D:2      | Reached XP level 3. HP: 5/33 MP: 0/10
   166 | D:2      | Slain by an orc wizard

Skill      XL: |  1  2 |
---------------+-------+-----
Fighting       | 5 |  5.5
Short Blades   | 3 |  3.1
Long Blades    | 3 |  3.1
Axes           | 5 |  5.5
Maces & Flails | 3 |  3.1
Polearms       | 3 |  3.1
Staves         | 3 |  3.1
Slings         | 3 |  3.1
Bows           | 3 |  3.1
Crossbows      | 3 |  3.1
Throwing       | 3 |  3.1
Armour         | 4 |  4.0
Dodging        | 5 |  5.5
Stealth        | 3 |  3.1
Shields        | 3 |  3.1
Unarmed Combat | 3 |  3.1
Spellcasting   | 5 |  5.9
Conjurations   | 2 |  2.5
Hexes          | 2 |  2.5
Charms         | 6 |  6.0
Summonings     | 2 |  2.5
Necromancy     | 2 |  2.5
Translocations | 2 |  2.5
Transmutations | 2 |  2.5
Fire Magic     | 2 |  2.5
Ice Magic      | 2 |  2.5
Air Magic      | 2 |  2.5
Earth Magic    | 2 |  2.5
Poison Magic   | 2 |  2.5
Invocations    | 3 |  3.4
Evocations     | 3 |  3.1

Action                   || total
-------------------------++-------
Melee: Hand axe          ||    26
       Bite              ||     1
 Cast: Infusion          ||     5
       Song of Slaying   ||     1
  Use: Potion            ||     2
 Stab: Sleeping          ||     1
Armor: Leather armour    ||     4
Dodge: Dodged            ||    16

Table legend:
 A = Turns spent in this place as a percentage of turns spent in the entire game.
 B = Non-inter-level travel turns spent in this place as a percentage of non-inter-level travel turns spent in the entire game.
 C = Inter-level travel turns spent in this place as a percentage of turns spent in this place.
 D = Turns resting spent in this place as a percentage of non-inter-level travel turns spent in this place.
 E = Turns spent auto-exploring this place as a percentage of non-inter-level travel turns spent in this place.
 F = Non-inter-level travel turns spent in this place divided by the number of levels of this place that you've seen.
                   A       B       C       D       E      F
               +-------+-------+-------+-------+-------+----------------------
         Total | 100.0 | 100.0 |   0.0 |   0.0 |   0.0 |  83.0
       Dungeon | 100.0 | 100.0 |   0.0 |   0.0 |   0.0 |  83.0
               +-------+-------+-------+-------+-------+----------------------

Table legend:
 A = Kills in this place as a percentage of kills in entire the game.
 B = Kills by you in this place as a percentage of kills by you in the entire game.
 C = Kills by friends in this place as a percentage of kills by friends in the entire game.
 D = Other kills in this place as a percentage of other kills in the entire game.
 E = Experience gained in this place as a percentage of experience gained in the entire game.
 F = Experience gained in this place divided by the number of levels of this place that you have seen.
                   A       B       C       D       E      F
               +-------+-------+-------+-------+-------+----------------------
         Total | 100.0 | 100.0 |   N/A |   N/A | 100.0 |  14.0
       Dungeon | 100.0 | 100.0 |   N/A |   N/A | 100.0 |  14.0
               +-------+-------+-------+-------+-------+----------------------

Vault maps used:
D:1:      dpeg_arrival_ratfight, minmay_nonomino_d4
D:2:      lemuel_crystal_altar
